 Dungeon Crawl Stone Soup version 0.23.0 (webtiles) character file.

Game seed: 4490105572582634003

84 Hylith the Shield-Bearer (level 4, -6/40 HPs)
             Began as a Minotaur Fighter on Feb 12, 2019.
             Mangled by Natasha (7 damage)
             ... on level 2 of the Dungeon.
             The game lasted 00:03:16 (1142 turns).

Hylith the Shield-Bearer (Minotaur Fighter)         Turns: 1142, Time: 00:03:18

Health: -6/40      AC:  7    Str: 21    XL:     4   Next: 23%
Magic:  3/3        EV:  7    Int:  5    God:
Gold:   87         SH:  9    Dex: 10    Spells: 3/3 levels left

rFire    . . .     SeeInvis .   a - +0 flail
rCold    . . .     Gourm    .   c - +0 shield
rNeg     . . .     Faith    .   b - +0 scale mail
rPois    .         Spirit   .   (helmet restricted)
rElec    .         Reflect  .   (no cloak)
rCorr    +         Harm     .   (no gloves)
MR       .....                  (no boots)
Stlth    ..........             (no amulet)
HPRegen  0.13/turn              h - ring of resist corrosion
MPRegen  0.08/turn              (no ring)

@: no status effects
A: retaliatory headbutt, horns 2
a: no special abilities


You were on level 2 of the Dungeon.
You were hungry.

You visited 1 branch of the dungeon, and saw 2 of its levels.

You collected 87 gold pieces.

Inventory:

Hand Weapons
 a - a +0 flail (weapon)
Armour
 b - a +0 scale mail (worn)
 c - a +0 shield (worn)
Jewellery
 h - a ring of resist corrosion (left hand)
Scrolls
 e - 2 scrolls of identify {unknown}
 g - a scroll of blinking {unknown}
 k - a scroll of immolation {unknown}
 m - a scroll of remove curse {unknown}
 n - a scroll of teleportation {unknown}
Potions
 d - a potion of might
 i - 2 potions of curing {unknown}
 j - 2 potions of agility {unknown}
 l - 2 potions of mutation {unknown}
Comestibles
 f - 6 rations


   Skills:
 * Level 4.3 Fighting
 * Level 3.2 Maces & Flails
 + Level 4.4 Armour
 + Level 4.5 Shields


You had 3 spell levels left.
You didn't know any spells.
Your spell library was empty.

Dungeon Overview and Level Annotations

Branches:
Dungeon (2/15)

Altars:

Annotations:
D:2 Natasha


Innate Abilities, Weirdness & Mutations

You reflexively headbutt those who attack you in melee.
You have a pair of horns on your head.


Message History

You hit Natasha.
Natasha is heavily wounded.
Natasha barely misses you. You furiously retaliate!
You headbutt Natasha!
You kill Natasha!
Natasha growls in agony!
You have reached level 4!
You feel agile.
You start resting.
Natasha, Servant of Life and Death comes into view.
Natasha hisses angrily.
Natasha mumbles some strange words.
You hit Natasha but do no damage. Your headbutt misses Natasha.
Natasha claws you.
* * * LOW HITPOINT WARNING * * *
The crimson imp blinks!
Natasha claws you.
* * * LOW HITPOINT WARNING * * *
You closely miss Natasha.
The crimson imp grinds its teeth.
You block the crimson imp's attack. Natasha claws you!
You die...

............#.#..#
..##.#...##.#.#..#
..##.#..## #.#..#
..##.#...# #.#..# .?.
#.##.#[#.## #.#..# ....
..##.#.#..###.#..##.....
.................§......
.....#.##..##.#.h###....
####............@# ..
.............†..5#####
######.#..........$....
#####.###.#.#...#####.
#.........#.#...#
#####.##....#...#
#......#.#..#...#
#####..#.#..#...####
#..#.#.........#


You could see Natasha and a crimson imp.

Vanquished Creatures
  Natasha (twice) (D:2)
  A worm (D:2)
  4 leopard geckos
  A ball python (D:1)
  2 giant cockroaches (D:1)
  2 goblins (D:1)
  5 hobgoblins (D:1)
  6 kobolds (D:1)
  2 bats
  3 rats (D:1)
28 creatures vanquished.

Notes
Turn   | Place    | Note
-------+----------+-------------------------------------------
     0 | D:1      | Hylith the Minotaur Fighter began the quest for the Orb.
     0 | D:1      | Reached XP level 1. HP: 19/19 MP: 0/0
    50 | D:1      | Reached XP level 2. HP: 23/27 MP: 1/1
   853 | D:2      | Reached XP level 3. HP: 33/33 MP: 2/2
  1074 | D:2      | Noticed Natasha
  1080 | D:2      | Killed Natasha
  1082 | D:2      | Noticed Natasha
  1092 | D:2      | Killed Natasha
  1092 | D:2      | Reached XP level 4. HP: 5/40 MP: 3/3
  1138 | D:2      | Noticed Natasha
  1141 | D:2      | HP: 1/40 [Natasha (6)]
  1142 | D:2      | Mangled by Natasha

Skill      XL: |  1  2  3 |
---------------+----------+-----
Shields        | 4 |  4.5
Armour         | 4 |  4.4
Fighting       | 4 |  4.3
Maces & Flails | 3 |  3.2

Action                   |  1- 3 |  4- 6 || total
-------------------------+-------+-------++-------
Melee: Flail             |    59 |     2 ||    61
       Headbutt          |     9 |       ||     9
Armor: Scale mail        |    22 |       ||    22
Dodge: Dodged            |    22 |       ||    22
Block: Shield            |    30 |     1 ||    31
